 Dungeon Crawl Stone Soup version 0.21.0-3-g78d12a8bdd (webtiles) character file.

35 Rrauwl the Magician (level 3, -1/26 HPs)
             Began as a Barachi Wizard on Jan 12, 2018.
             Slain by a jackal (2 damage)
             ... on level 2 of the Dungeon.
             The game lasted 00:05:17 (1532 turns).

Rrauwl the Magician (Barachi Wizard)                Turns: 1532, Time: 00:05:17

Health: -1/26      AC:  6    Str:  8    XL:     3   Next: 35%
Magic:  1/7        EV: 12    Int: 19    God:
Gold:   99         SH:  0    Dex: 10    Spells: 3/8 levels left

rFire    . . .     SeeInvis .   e - +0 club
rCold    . . .     Gourm    .   (no shield)
rNeg     . . .     Faith    .   a - +0 robe
rPois    .         Spirit   .   b - +0 hat
rElec    .         Reflect  .   (no cloak)
rCorr    .         Harm     .   (no gloves)
MR       .....                  (no boots)
Stlth    ++........             (no amulet)
HPRegen  0.08/turn              (no ring)
MPRegen  0.10/turn              (no ring)

@: flying, slow
A: +LOS, swims, slimy green scales 1, thin metallic scales 1, robust 1, slowness
1, strong legs 1
a: Hop


You were on level 2 of the Dungeon.
You were not hungry.

You visited 1 branch of the dungeon, and saw 2 of its levels.

You collected 99 gold pieces.

Inventory:

Hand Weapons
 e - a +0 club (weapon)
Armour
 a - a +0 robe (worn)
 b - a +0 hat (worn)
Scrolls
 f - a scroll of immolation {unknown}
 j - a scroll of blinking {unknown}
 l - a scroll of fog {unknown}
 m - a scroll of remove curse {unknown}
Potions
 i - a potion of lignification {unknown}
Books
 c - a book of Minor Magic

   Spells                             Type                      Level
   a - Magic Dart                     Conjuration                  1
   b - Blink                          Translocation                2
   c - Call Imp                       Summoning                    2
   d - Slow                           Hexes                        2
   e - Conjure Flame                  Conjuration/Fire             3
   f - Mephitic Cloud                 Conjuration/Poison/Air       3
Comestibles
 d - 5 rations


   Skills:
 - Level 2.1 Dodging
 - Level 2.0 Stealth
 - Level 3.2 Spellcasting
 + Level 2.6 Conjurations
 + Level 1.9 Summonings
 + Level 1.7 Translocations


You had 3 spell levels left.
You knew the following spells:

 Your Spells              Type           Power        Failure   Level  Hunger
a - Magic Dart            Conj           ##..         4%          1    None
b - Call Imp              Summ           ##......     10%         2    ##.....
c - Blink                 Tloc           N/A          11%         2    ##.....


Dungeon Overview and Level Annotations

Branches:
Dungeon (2/15)

Altars:


Innate Abilities, Weirdness & Mutations

Shadows flee at your approach. (+LOS)
You can swim through water.
You cover ground slowly.
You can hop short distances.
You are partially covered in slimy green scales. (AC +2)
You are partially covered in thin metallic scales. (AC +2)
You are robust. (+10% HP)


Message History

Press: ? - help, Shift-Dir - straight line, f - jackal
Aim: a jackal (heavily wounded)
The magic dart hits the jackal.
The jackal is severely wounded.
The jackal bites you but does no damage.
The jackal closely misses you. The jackal barely misses you.
The jackal bites you.
* * * LOW HITPOINT WARNING * * *
It was a potion of mutation.
You feel extremely strange.
Slimy green scales grow over part of your body.
You feel robust.
Thin metallic scales grow over part of your body.
The jackal closely misses you.
The jackal bites you but does no damage.
It was a potion of flight.
You feel very buoyant.
You fly up into the air.
The jackal bites you but does no damage.
The jackal bites you.
You die...

######## .......# #
#.....#.########## #.
..#.#.....h......# #..#
#.#.###..@h..##.##
#..#.#.#.....###..##.#
.#....#.#.###.#(#..##.#
..........)........##5#
##......###.#÷.#.#..#.##
...............###.....#
........÷..............#
............#.###......#
....#.....#.#.....#..###


You could see 2 jackals.

Vanquished Creatures
  An ooze (D:1)
  A dart slug (D:2)
  A leopard gecko (D:1)
  A giant cockroach (D:1)
  5 goblins (D:1)
  4 hobgoblins (D:1)
  A jackal (D:2)
  3 bats
  3 frilled lizards (D:1)
  5 kobolds
  2 rats (D:1)
27 creatures vanquished.

Vanquished Creatures (collateral kills)
  A jackal (D:2)
  A frilled lizard (D:2)
2 creatures vanquished.

Grand Total: 29 creatures vanquished

Notes
Turn   | Place    | Note
-------+----------+-------------------------------------------
     0 | D:1      | Rrauwl the Barachi Wizard began the quest for the Orb.
     0 | D:1      | Reached XP level 1. HP: 13/13 MP: 4/4
   586 | D:1      | Reached XP level 2. HP: 18/19 MP: 6/6
   740 | D:1      | Learned a level 2 spell: Call Imp
   743 | D:1      | Learned a level 2 spell: Blink
   881 | D:1      | Reached XP level 3. HP: 6/24 MP: 1/7
  1530 | D:2      | HP: 1/24 [jackal (3)]
  1531 | D:2      | Gained mutation: You are partially covered in slimy green scales. (AC +2) [potion of mutation]
  1531 | D:2      | Gained mutation: You are robust. (+10% HP) [potion of mutation]
  1531 | D:2      | Gained mutation: You are partially covered in thin metallic scales. (AC +2) [potion of mutation]
  1532 | D:2      | Slain by a jackal

Skill      XL: |  1  2 |
---------------+-------+-----
Stealth        | 2 |  2.0
Conjurations   | 2 |  2.6
Dodging        | |  2.1
Spellcasting   | |  3.2
Summonings     | |  1.9
Translocations | |  1.7

Action                   || total
-------------------------++-------
Melee: Club              ||    42
       Unarmed           ||    10
 Cast: Magic Dart        ||    43
       Call Imp          ||     3
  Use: Potion            ||     2
  Eat: Chunk             ||     2
Armor: Robe              ||    17
Dodge: Dodged            ||    44
